Cogmind - Beta 12 X1 @@@ ROGUE MODE // 2022.08.12 @ 20:55:14 Player: Momo Result: Destroyed by Enhanced Grunt with Neutron Cannon Performance ------------- Evolutions (3) 1500 Regions Visited (10) 2000 Robots Destroyed (90) 450 Value Destroyed (3922) 3922 Prototype IDs (19) 380 Alien Tech Used (0) 0 Bonus (3908) 3908 TOTAL SCORE: 12160 Bonus ------- High Alert Combat Kills 785 Follower Combat Kills 593 Entered Garrisons 400 Used RIF Installer 2000 Met Data Miner 300 Friendly Fire -170 Cogmind --------- Core Integrity 0/700 Matter 167/300 Energy 100/100 System Corruption 1% Temperature Cool (0) Movement Core (50) Location -7/Data Miner Parts ------- > --- POWER (1) -------- (None) > --- PROPULSION (4) --- (None) > --- UTILITY (5) ------ Advanced Melee Analysis Suite > --- WEAPON (3) ------- Heavy Pick > --- INVENTORY (5) ---- System Mapper Deep Network Scanner Ghost Barrier Quantum Router Makeshift Hammer Peak State ------------ > --- POWER ------------ Particle Reactor > --- PROPULSION ------- Improved Heavy Treads Improved Hover Unit Combat Airjet > --- UTILITY ---------- Large Storage Unit Centrium Light Armor Plating Hacking Suite Hacking Suite System Shield > --- WEAPON ----------- 01-MTF's Shockpuncher Guided EMP Blaster > --- INVENTORY -------- Gravmag System Advanced Thermal Shield Hacking Suite System Shield Relay Coupler [Grunt] Relay Coupler [Demolisher] Relay Coupler [Hunter] Relay Coupler [Behemoth] Relay Coupler [Behemoth] Ion Burst Cannon Railgun Mini Grenade Launcher Remote Datajack Chainsword Heavy Pick [Rating: 74] Favorites ----------- Power Particle Reactor Engine Light Ion Engine Power Core Light Nuclear Core Reactor Particle Reactor Propulsion Improved Heavy Treads Treads Improved Heavy Treads Wheel Compact Wheel Hover Unit Combat Airjet Utility Large Storage Unit Device Advanced Thermal Shield Storage Large Storage Unit Processor Advanced Melee Analysis Suite Hackware Hacking Suite Protection Centrium Light Armor Plating Weapon Ion Burst Cannon Energy Gun 01-MTF's Shockpuncher Energy Cannon Ion Burst Cannon Ballistic Gun Railgun Ballistic Cannon Advanced Assault Cannon Launcher Long-range Missile Launcher Special Weapon Remote Datajack Impact Weapon Makeshift Hammer Slashing Weapon Chainsword Piercing Weapon Heavy Pick Build | -11 -10 -9 -9 -9 -8 -8 -7 -7 -7 -7 ------- Run | Scr Mat Mat Sto Gar Mat Gar Fac Low Low Dat Slots Evolved 6 | . . 2 . . 2 . 2 . . . Power . | . . . . . . . . . . . Propulsion 2 | . . 2 . . . . . . . . Utility 3 | . . . . . 2 . 1 . . . Weapon 1 | . . . . . . . 1 . . . Parts Attached 96 | 6 1 5 17 16 5 6 14 8 10 8 Power 6 | 1 . . 2 2 . . . . 1 . Engine 4 | 1 . . 1 1 . . . . 1 . Core 1 | . . . 1 . . . . . . . Reactor 1 | . . . . 1 . . . . . . Propulsion 19 | 2 . 3 5 3 . 1 1 1 2 1 Treads 5 | . . . 1 2 . . . . 1 1 Leg . | . . . . . . . . . . . Wheel 5 | 2 . 3 . . . . . . . . Hover 9 | . . . 4 1 . 1 1 1 1 . Flight . | . . . . . . . . . . . Utility 25 | 1 1 2 3 1 3 2 5 1 3 3 Device 4 | . 1 . . . . 1 . . . 2 Storage 2 | 1 . 1 . . . . . . . . Processor 3 | . . . 1 . 1 . . . 1 . Hackware 8 | . . . . . 2 1 3 . 2 . Protection 8 | . . 1 2 1 . . 2 1 . 1 Artifact . | . . . . . . . . . . . Weapon 46 | 2 . . 7 10 2 3 8 6 4 4 Energy Gun 5 | 1 . . . 1 . . 2 1 . . Energy Cannon 4 | . . . 1 1 . . . 2 . . Ballistic Gun 13 | 1 . . 5 3 1 1 . 1 . 1 Ballistic Cannon 2 | . . . . . . . 2 . . . Launcher 8 | . . . . 3 1 . 1 1 2 . Special Weapon 7 | . . . . 2 . 2 2 . 1 . Impact Weapon 1 | . . . . . . . . . . 1 Slashing Weapon 5 | . . . 1 . . . 1 1 1 1 Piercing Weapon 1 | . . . . . . . . . . 1 Special Melee Weapon . | . . . . . . . . . . . Unidentified Prototypes 6 | . . . 5 1 . . . . . . Parts Lost 25 | . . 1 5 6 . . . 3 . 10 Power 4 | . . . 1 1 . . . 1 . 1 Propulsion 10 | . . 1 2 3 . . . 1 . 3 Utility 6 | . . . 2 . . . . . . 4 Weapon 5 | . . . . 2 . . . 1 . 2 Highest Loss Streak 10 | . . 1 2 3 . . . 3 . 10 To Critical Strikes . | . . . . . . . . . . . Average Slot Usage (%) 80 | . 85 89 96 78 76 81 78 77 81 78 Engine 3 | . 14 11 9 4 . . . . 3 6 Reactor 2 | . . . . 6 9 9 7 . . . Treads 9 | . . . 8 17 18 17 7 7 7 5 Wheel 3 | . 28 34 31 . . . . . . . Hover 7 | . . . 3 8 . . 9 7 13 14 Storage 8 | . 14 11 11 11 9 9 7 7 7 5 Processor 3 | . . . . 3 7 9 5 . 6 7 Hackware 12 | . . . . . 6 2 22 23 15 13 Protection 5 | . . 3 9 7 9 9 1 7 2 . Energy Gun 1 | . 14 11 . 2 5 . 2 . . . Energy Cannon 3 | . . . . 2 . . . 6 7 4 Ballistic Gun 5 | . 14 11 21 6 1 5 . . 7 5 Launcher 5 | . . . . 6 3 7 6 7 5 4 Special Weapon 1 | . . . . 2 7 4 . . 1 . Slashing Weapon 1 | . . . . . . . . 6 . 1 Naked Turns . | . . . . . . . . . . . Heaviest Build 57 | 14 15 32 37 52 49 51 56 57 46 45 Greatest Support 150 | 26 26 64 64 150 150 150 75 75 95 75 Greatest Overweight (x) 3 | . . . 2 1 . . . . . 3 Average Overweight (x) . | . . . . . . . . . . . Largest Inventory Capacity 15 | 8 8 15 15 15 15 15 15 15 15 15 Average Capacity 14 | 6 8 8 15 15 15 15 15 15 15 12 Most Carried 15 | . 3 10 15 15 15 15 15 15 15 14 Average Carried 13 | . . 5 12 14 14 14 14 14 14 11 Final Capacity 15 | 8 8 15 15 15 15 15 15 15 15 5 Final Carried 15 | . 3 10 15 15 15 15 15 15 14 5 Class Distribution -------------------- 60% | Bothacker-Mutant 17% | Mutant 13% | Scavenger-Mutant 4% | Commander-Mutant 4% | Commander-Gunner Dominant Class ---------------- Mutant | -10/Materials Mutant | -9/Materials Scavenger-Mutant | -9/Storage Mutant | -9/Garrison Bothacker-Mutant | -8/Materials Bothacker-Mutant | -8/Garrison Bothacker-Mutant | -7/Factory Bothacker-Mutant | -7/Lower Caves Bothacker-Mutant | -7/Lower Caves Commander-Mutant | -7/Data Miner Resources | -11 -10 -9 -9 -9 -8 -8 -7 -7 -7 -7 ----------- Run | Scr Mat Mat Sto Gar Mat Gar Fac Low Low Dat Matter Collected 2499 | 152 127 142 419 385 . 542 286 230 215 1 Remotely . | . . . . . . . . . . . Salvage Created 3611 | . 112 448 586 1278 21 360 549 129 106 22 Parts 194 | . 8 19 41 57 2 16 33 4 10 4 Haulers Intercepted 1 | . . . 1 . . . . . . . Recyclers Shooed 3 | . . 2 . . . . 1 . . . Parts Field Recycled . | . . . . . . . . . . . Retrieved Matter . | . . . . . . . . . . . Parts Self-Destructed 16 | . . . . . . . . 3 13 . Prevented . | . . . . . . . . . . . Kills | -11 -10 -9 -9 -9 -8 -8 -7 -7 -7 -7 ------- Run | Scr Mat Mat Sto Gar Mat Gar Fac Low Low Dat Combat Hostiles Destroyed 75 | . 3 4 11 26 3 9 8 7 4 . Guns 29 | . 3 4 11 4 . 4 3 . . . Cannons 8 | . . . . 2 . . 1 3 2 . AOE 37 | . . . . 20 3 5 3 4 2 . Classes Destroyed 13 | . 1 2 3 2 . 2 2 . 1 . Worker 5 | . . . 3 . . . 2 . . . Builder 3 | . . . . . . . 3 . . . Hauler 1 | . . . 1 . . . . . . . Recycler 4 | . . 3 1 . . . . . . . Mechanic 1 | . . . . . . . 1 . . . Swarmer 18 | . . . 4 7 3 . . 2 2 . Cutter 1 | . . . . . . 1 . . . . Grunt 30 | . 3 1 3 10 . 5 5 3 . . Brawler 1 | . . . . . . 1 . . . . Sentry 16 | . . 3 4 4 . 2 1 2 . . Hunter 3 | . . . . 2 . . 1 . . . Programmer 5 | . . . . 3 . . 1 . 1 . Mutant 1 | . . . . . . . . . 1 . Best Kill Streak 6 | . 2 3 5 4 3 3 3 6 2 1 Combat Bots Only 6 | . 2 2 4 4 3 3 3 6 2 . Max Kills in Single Turn 3 | . 1 1 1 3 2 2 2 2 2 1 Gunslinging . | . . . . . . . . . . . Exploded 3 | . . . . 3 2 2 2 2 2 . Melee . | . . . . . . . . . . . Uniques/NPCs Destroyed 1 | . . . . . . . . . . 1 Data Miner (-7/Data Miner) Combat | -11 -10 -9 -9 -9 -8 -8 -7 -7 -7 -7 -------- Run | Scr Mat Mat Sto Gar Mat Gar Fac Low Low Dat Damage Taken 4845 | . 151 125 719 821 48 361 278 893 164 1285 Core 957 | . 51 12 64 58 . 27 54 89 . 602 Absorbed by Shields 21 | . . . . . . . 21 . . . Reduced by Siege Mode 30 | . . . . 12 . . . . . 18 Regen/Repaired (Parts) 63 | . . . . . . 63 . . . . Core Remaining (%) 85 | 100 79 . . 66 . 95 . . . . Volleys Fired 316 | . 12 25 48 105 13 27 35 19 28 4 Largest 3 | . 2 2 2 2 1 1 1 1 3 1 Hottest 178 | . 70 70 100 123 35 35 50 100 178 35 Shots Fired 416 | . 24 48 94 118 13 27 35 19 34 4 Gun 259 | . 24 48 93 41 1 11 14 . 23 4 Cannon 71 | . . . 1 46 . . 11 8 5 . Launcher 54 | . . . . 21 2 11 6 11 3 . Special 32 | . . . . 10 10 5 4 . 3 . Kinetic 218 | . 12 25 93 36 1 11 13 . 23 4 Thermal 95 | . 12 23 1 46 . . . 8 5 . Explosive 45 | . . . . 18 2 11 . 11 3 . Electromagnetic 26 | . . . . 8 . . 18 . . . Robot Hit Streak 39 | . 6 13 16 39 6 5 13 4 5 4 Robot Miss Streak 7 | . 2 3 2 7 2 1 2 4 2 . Penetration Max . | . . . . . . . . . . . Secondary Targets 2 | . 1 . . 1 . . . . . . Max Gunslinging Chain 1 | . 1 . . 1 . . . . . . Shots Hit Robots 267 | . 15 35 68 81 8 15 16 11 12 6 Core Hits 184 | . 6 14 23 76 3 18 20 16 7 1 Critical Kills 2 | . 1 . . . . 1 . . . . Critical Parts Destroyed . | . . . . . . . . . . . Critical Strikes 4 | . 1 1 . . . 1 1 . . . Burn 1 | . . 1 . . . . . . . . Destroy 2 | . 1 . . . . 1 . . . . Corrupt 1 | . . . . . . . 1 . . . Melee Attacks 10 | . . . 3 . . . 1 3 1 2 Impact 1 | . . . . . . . . . . 1 Slashing 8 | . . . 3 . . . 1 3 1 . Piercing 1 | . . . . . . . . . . 1 Sneak Attacks 2 | . . . . . . . . . . 2 Combat Hostiles . | . . . . . . . . . . . Follow-up Attacks 1 | . . . . . . . . . . 1 Damage Inflicted 9437 | . 182 440 1081 3990 196 704 960 1164 422 298 Guns 3060 | . 182 440 1081 506 . 165 470 . 108 108 Cannons 2557 | . . . . 2112 . . 58 253 134 . Explosions 3630 | . . . . 1372 196 539 432 911 180 . Melee 190 | . . . . . . . . . . 190 Ramming . | . . . . . . . . . . . Kinetic 2346 | . 93 227 1081 506 . 165 58 . 108 108 Thermal 2923 | . 89 213 . 2112 . . 122 253 134 . Explosive 3130 | . . . . 1304 196 539 . 911 180 . Electromagnetic 848 | . . . . 68 . . 780 . . . Impact 104 | . . . . . . . . . . 104 Slashing . | . . . . . . . . . . . Piercing 86 | . . . . . . . . . . 86 Highest Corruption 3 | . . . . 3 . . . . 1 1 Average Corruption 1 | . . . . 2 . . . . 1 1 Corruption Purged . | . . . . . . . . . . . Corruption Blocked . | . . . . . . . . . . . Effects 21 | . . . . 16 . . . . 2 3 Message Errors 1 | . . . . . . . . . 1 . Matter Fused 6 | . . . . 4 . . . . 1 1 Heat Flow Errors 2 | . . . . 2 . . . . . . Energy Discharges 2 | . . . . 2 . . . . . . Data Loss (minor) 6 | . . . . 4 . . . . . 2 Data Loss (major) 3 | . . . . 3 . . . . . . Weapon Failures 1 | . . . . 1 . . . . . . Overload Shots . | . . . . . . . . . . . Overflow Damage 173 | . . . . 23 21 . 26 31 46 26 Projectiles 6 | . . . . 6 . . . . . . Explosions 141 | . . . . 17 21 . 26 31 46 . Melee 26 | . . . . . . . . . . 26 Knockbacks . | . . . . . . . . . . . Impact . | . . . . . . . . . . . Kinetic . | . . . . . . . . . . . Secondary . | . . . . . . . . . . . Self-Inflicted Damage 319 | . . . . 99 . 89 40 91 . . Shots 10 | . . . . 4 . 3 1 2 . . Rammed . | . . . . . . . . . . . Targets Rammed . | . . . . . . . . . . . Kicked . | . . . . . . . . . . . Crushed . | . . . . . . . . . . . Highest Temperature 390 | . 141 . 50 390 . 6 35 252 116 . Average Temperature 102 | . 68 . 9 131 . 5 14 86 54 . Received Heat Transfer 935 | . 105 54 258 153 . 27 73 213 52 . Effects 1 | . . . . 1 . . . . . . Shutdowns 1 | . . . . 1 . . . . . . Siege Activations 5 | . . . . 1 . . 1 1 1 1 Total Turns 34 | . . . . 9 . . 3 11 3 8 Longest Duration 11 | . . . . 9 . . 3 11 3 8 Robots Corrupted 1 | . . . . . . . 1 . . . Combat Hostiles 1 | . . . . . . . 1 . . . Parts Fried . | . . . . . . . . . . . Impact Corruptions . | . . . . . . . . . . . Robots Melted . | . . . . . . . . . . . Combat Hostiles . | . . . . . . . . . . . Parts Melted 7 | . . 3 . 1 . . 1 1 1 . Heat Transferred 3962 | . 259 703 . 2450 . . 100 300 150 . Parts Sabotaged . | . . . . . . . . . . . Parts Stolen . | . . . . . . . . . . . Parts Stripped . | . . . . . . . . . . . Power Chain Reactions 2 | . . . . . . . 2 . . . Missiles Intercepted . | . . . . . . . . . . . Alert | -11 -10 -9 -9 -9 -8 -8 -7 -7 -7 -7 ------- Run | Scr Mat Mat Sto Gar Mat Gar Fac Low Low Dat Peak Influence 1451 | . 105 216 495 1451 813 1124 893 . . . Initial 707 | . . 44 91 324 707 528 573 . . . Average 665 | . 65 155 275 845 751 916 719 . . . Maximum Alert Level 4 | . . 1 2 4 3 4 3 . . . Low Security (%) 12 | 100 100 63 22 . . . . . . . Level 1 12 | . . 36 61 5 . . . . . . Level 2 22 | . . . 15 28 . 8 50 . . . Level 3 44 | . . . . 47 100 81 50 . . . Level 4 7 | . . . . 17 . 9 . . . . Level 5 . | . . . . . . . . . . . High Security . | . . . . . . . . . . . Max Security . | . . . . . . . . . . . Squads Dispatched 12 | . . . 2 . . . 10 . . . Investigation 4 | . . . 1 . . . 3 . . . Extermination 2 | . . . . . . . 2 . . . Reinforcement 2 | . . . 1 . . . 1 . . . Assault . | . . . . . . . . . . . Garrison 4 | . . . . . . . 4 . . . Intercept . | . . . . . . . . . . . Searches Triggered . | . . . . . . . . . . . Construction Impeded . | . . . . . . . . . . . Haulers Reinforced . | . . . . . . . . . . . Active Scanning Responses . | . . . . . . . . . . . Cargo Convoy Interrupts . | . . . . . . . . . . . Stealth | -11 -10 -9 -9 -9 -8 -8 -7 -7 -7 -7 --------- Run | Scr Mat Mat Sto Gar Mat Gar Fac Low Low Dat Distress Signals 6 | . 2 1 1 . . . 2 . . . Communications Jammed 2 | . . . . . . . 2 . . . Distress Signals 2 | . . . . . . . 2 . . . Times Spotted 117 | . 7 11 27 20 3 15 18 8 4 4 Peak Tracking Total 13 | . 4 5 13 4 3 6 4 7 1 4 Tactical Retreats 7 | . . . 1 2 . 2 1 1 . . Traps | -11 -10 -9 -9 -9 -8 -8 -7 -7 -7 -7 ------- Run | Scr Mat Mat Sto Gar Mat Gar Fac Low Low Dat Traps Triggered 2 | . . . . . . 2 . . . . Indirectly . | . . . . . . . . . . . Trap Hack Attempts . | . . . . . . . . . . . Triggered . | . . . . . . . . . . . Disarmed . | . . . . . . . . . . . Reprogrammed . | . . . . . . . . . . . Reused . | . . . . . . . . . . . Traps Extracted . | . . . . . . . . . . . Installed . | . . . . . . . . . . . Triggered . | . . . . . . . . . . . Machines | -11 -10 -9 -9 -9 -8 -8 -7 -7 -7 -7 ---------- Run | Scr Mat Mat Sto Gar Mat Gar Fac Low Low Dat Machines Disabled 22 | . . . 3 7 . 3 4 3 2 . Max in Single Turn 2 | . . . 1 1 . 2 1 1 1 . Garrison Relay 5 | . . . . 4 . 1 . . . . Machines Sabotaged . | . . . . . . . . . . . Garrisons Compromised . | . . . . . . . . . . . Overloaded Fab Kills . | . . . . . . . . . . . Hacking | -11 -10 -9 -9 -9 -8 -8 -7 -7 -7 -7 --------- Run | Scr Mat Mat Sto Gar Mat Gar Fac Low Low Dat Machines Accessed 30 | . 2 1 6 3 1 2 6 4 1 4 Terminals 18 | . 2 1 5 3 . 2 4 1 . . Fabricators 1 | . . . . . . . 1 . . . Repair Stations . | . . . . . . . . . . . Recycling Units . | . . . . . . . . . . . Scanalyzers . | . . . . . . . . . . . Garrison Access 3 | . . . 1 . 1 . 1 . . . Total Hacks 91 | . 3 4 10 6 1 3 22 10 1 31 Successful 69 | . 1 3 5 3 1 2 12 10 1 31 Failed 22 | . 2 1 5 3 . 1 10 . . . Catastrophic 4 | . 1 1 1 1 . . . . . . Database Lockouts . | . . . . . . . . . . . Manual 22 | . 1 2 3 . . . 16 . . . Terminals 45 | . 3 4 9 6 . 3 16 4 . . Fabricators 2 | . . . . . . . 2 . . . Repair Stations . | . . . . . . . . . . . Recycling Units . | . . . . . . . . . . . Scanalyzers . | . . . . . . . . . . . Garrison Access 6 | . . . 1 . 1 . 4 . . . Terminal Hacks 60 | . 1 2 3 3 . 2 7 10 1 31 Record 19 | . . . . . . . . 8 . 11 Part Schematic 13 | . . . . . . . 1 . . 12 Robot Schematic 5 | . . . . . . . . . . 5 Robot Analysis 1 | . 1 . . . . . . . . . Prototype ID Bank 5 | . . 1 . . . . 1 . . 3 Open Door 7 | . . . 3 . . 1 . 2 1 . Open DSF 1 | . . . . . . . 1 . . . Branch Access Points 1 | . . . . . . . 1 . . . Emergency Access Points 1 | . . . . 1 . . . . . . Terminal Index 1 | . . . . . . . 1 . . . Locate Traps 1 | . . . . . . . 1 . . . Zone Layout 2 | . . 1 . . . . 1 . . . Garrison Registry 1 | . . . . 1 . . . . . . Patrol Navigation 1 | . . . . . . 1 . . . . Security Stations 1 | . . . . 1 . . . . . . Fabricator Hacks 2 | . . . . . . . 2 . . . Load Schematic 1 | . . . . . . . 1 . . . Build 1 | . . . . . . . 1 . . . Repair Station Hacks . | . . . . . . . . . . . Recycling Unit Hacks . | . . . . . . . . . . . Scanalyzer . | . . . . . . . . . . . Garrison Access Hacks 2 | . . . 1 . 1 . . . . . Unlock Access 2 | . . . 1 . 1 . . . . . Unauthorized Hacks 5 | . . 1 1 . . . 3 . . . Terminals 4 | . . 1 1 . . . 2 . . . Assimilate 1 | . . . 1 . . . . . . . Botnet 2 | . . . . . . . 2 . . . Disrupt 1 | . . 1 . . . . . . . . Fabricators . | . . . . . . . . . . . Repair Stations . | . . . . . . . . . . . Recycling Units . | . . . . . . . . . . . Scanalyzers . | . . . . . . . . . . . Garrison Access 1 | . . . . . . . 1 . . . Reprogram 1 | . . . . . . . 1 . . . Data Cores Recovered . | . . . . . . . . . . . Used . | . . . . . . . . . . . Hacking Detections 18 | . 2 1 4 3 . 1 6 1 . . Full Trace Events 3 | . . . 1 1 . . 1 . . . Feedback Events . | . . . . . . . . . . . Feedback Blocked . | . . . . . . . . . . . Robot Schematics Acquired 5 | . . . . . . . . . . 5 Robots Built . | . . . . . . . . . . . Authchips . | . . . . . . . . . . . Time . | . . . . . . . . . . . Total Robot Build Rating . | . . . . . . . . . . . Part Schematics Acquired 13 | . . . . . . . 1 . . 12 Parts Built 2 | . . . . . . . 2 . . . Authchips . | . . . . . . . . . . . Time 31 | . . . . . . . 31 . . . Total Part Build Rating 10 | . . . . . . . 10 . . . Parts Repaired . | . . . . . . . . . . . Time . | . . . . . . . . . . . Parts Recycled . | . . . . . . . . . . . Recycled Matter . | . . . . . . . . . . . Retrieved Matter . | . . . . . . . . . . . Retrieved Components . | . . . . . . . . . . . Parts Scanalyzed . | . . . . . . . . . . . Part Schematics Acquired . | . . . . . . . . . . . Parts Damaged . | . . . . . . . . . . . Bothacking | -11 -10 -9 -9 -9 -8 -8 -7 -7 -7 -7 ------------ Run | Scr Mat Mat Sto Gar Mat Gar Fac Low Low Dat Used RIF Installer 4 | . . . . 2 . 2 . . . . Signal Jammer 1 | . . . . . . 1 . . . . Patrol Navigation 1 | . . . . 1 . . . . . . Program Shield 1 | . . . . . . 1 . . . . Robots Hacked 6 | . . . . . 3 1 1 . 1 . Non-combat 5 | . . . . . 3 1 1 . . . Combat 1 | . . . . . . . . . 1 . Robot Hacks Applied 7 | . . . . . 3 1 2 . 1 . locate_traps 1 | . . . . . . . 1 . . . formatsys_low 4 | . . . . . 3 . 1 . . . formatsys_high 2 | . . . . . . 1 . . 1 . Relay Couplers Released 20 | . . . . 15 . 5 . . . . Machine Destruction 20 | . . . . 15 . 5 . . . . Attached 4 | . . . . . 1 1 . . 2 . Fabnet Peak Effective % . | . . . . . . . . . . . Robots Rewired 12 | . . . . 4 . 3 1 . 4 . Allies Hacked 1 | . . . . . . . 1 . . . Hacks Repelled . | . . . . . . . . . . . Allies | -11 -10 -9 -9 -9 -8 -8 -7 -7 -7 -7 -------- Run | Scr Mat Mat Sto Gar Mat Gar Fac Low Low Dat Total Allies 27 | . . . 2 4 3 5 8 . 5 . Largest Group 10 | . . . 2 4 7 9 10 1 6 6 Highest-Rated Group 219 | . . . 110 84 118 128 192 26 219 219 Highest-Rated Ally 100 | . . . 100 21 21 27 32 26 85 80 Total Orders 20 | . . . . 1 1 6 1 . 2 9 STAY 10 | . . . . 1 . 1 . . 1 7 FOLLOW 5 | . . . . . . 2 . . 1 2 AID 3 | . . . . . . 2 1 . . . DROP 1 | . . . . . 1 . . . . . COLLECT 1 | . . . . . . 1 . . . . Ally Attacks 131 | . . . 15 . . 26 81 . 5 4 Total Damage 2768 | . . . 436 . . 624 1349 . 228 131 Kills 23 | . . . 7 . . 6 9 . 1 . Allies Corrupted . | . . . . . . . . . . . Allies Melted 1 | . . . 1 . . . . . . . Intel | -11 -10 -9 -9 -9 -8 -8 -7 -7 -7 -7 ------- Run | Scr Mat Mat Sto Gar Mat Gar Fac Low Low Dat Robot Analysis Total 1 | . 1 . . . . . . . . . Derelict Logs Recovered 1 | . . . . . . . . . 1 . Drone Launches . | . . . . . . . . . . . Drone Recoveries . | . . . . . . . . . . . Exploration | -11 -10 -9 -9 -9 -8 -8 -7 -7 -7 -7 ------------- Run | Scr Mat Mat Sto Gar Mat Gar Fac Low Low Dat Turns Passed 8240 | 34 186 258 555 1324 198 736 764 1980 1961 244 Spaces Moved 4763 | 29 161 160 331 680 102 411 402 1182 1151 154 Core 19 | 1 . . . . . . . . . 18 Treads 3908 | . . . . 563 102 411 402 1182 1151 97 Legs . | . . . . . . . . . . . Wheels 658 | 28 161 160 309 . . . . . . . Hover 178 | . . . 22 117 . . . . . 39 Flight . | . . . . . . . . . . . Fastest Speed 45 | 50 90 90 45 45 160 160 160 160 160 50 Average Speed 147 | 88 90 95 98 147 160 160 160 160 160 127 Slowest Speed 200 | 90 90 100 186 160 160 160 160 160 165 200 Overloaded Moves . | . . . . . . . . . . . Propulsion Burnouts . | . . . . . . . . . . . Robots Hopped . | . . . . . . . . . . . Cave-ins Triggered . | . . . . . . . . . . . Exploration Rate (%) 49 | 4 40 16 67 71 13 45 14 98 96 78 Regions Visited 10 Branch Regions 4 Pre-discovered Areas 2 | . . . . . . . . . 1 1 Known Exits Taken 3 | . . . 1 . 1 . 1 . . . Unknown Exits Taken 5 | 1 1 1 . . . . . 1 1 . Scrap Searched 10 | . . . . . . . . 7 3 . Spaces Dug 18 | . . . 2 . 2 . 3 3 8 . Terrain Destroyed 325 | . . . 2 61 17 71 6 106 62 . Melee 6 | . . . 2 . . . 1 3 . . Projectile 22 | . . . . . 2 5 2 3 10 . AOE 297 | . . . . 61 15 66 3 100 52 . Terrain Rammed . | . . . . . . . . . . . Walls Destroyed . | . . . . . . . . . . . Machines Disabled . | . . . . . . . . . . . Actions | -11 -10 -9 -9 -9 -8 -8 -7 -7 -7 -7 --------- Run | Scr Mat Mat Sto Gar Mat Gar Fac Low Low Dat Total 5506 | 34 177 216 459 868 126 463 486 1245 1231 201 Wait 182 | . 1 16 35 43 4 17 22 16 13 15 Move 4755 | 28 160 159 331 679 102 410 401 1181 1150 154 Hop . | . . . . . . . . . . . Pick Up 64 | . 3 9 12 13 2 1 8 8 2 6 Fast Attach 31 | 6 1 3 9 4 1 1 1 3 2 . Attach 25 | . . 1 1 7 1 . 4 3 2 6 Detach 2 | . . . 1 . . . 1 . . . Swap 40 | . . 1 7 5 3 5 9 2 6 2 Drop 56 | . . 2 12 12 . 1 4 10 2 13 Fire 316 | . 12 25 48 105 13 27 35 19 28 4 Melee 9 | . . . 3 . . . 1 3 1 1 Ram . | . . . . . . . . . . . Kick . | . . . . . . . . . . . Crush . | . . . . . . . . . . . Escape Stasis . | . . . . . . . . . . . Rewire 26 | . . . . . . 1 . . 25 . Trap . | . . . . . . . . . . . Miscellaneous . | . . . . . . . . . . . Route ------- -11/Scrapyard -10/Materials -9/Materials -9/Storage -9/Garrison (discovered 3 exits: *Mat x3) -8/Materials -8/Garrison -7/Factory (discovered 2 exits: *Low x2) -7/Lower Caves -7/Lower Caves (discovered 2 exits: *Fac / *Dat) -7/Data Miner (discovered 1 exit: [*Pro]) History --------- Turn | Location | Event 20 | -11/Scrapyard | Discovered new exit (range 15) 35 | -11/Scrapyard | Entered Materials 128 | -10/Materials | Discovered new exit (range 14) 221 | -10/Materials | Entered another Materials area 221 | -9/Materials | Evolved 2 slots: Propulsion x2 284 | -9/Materials | Discovered new exit (range 10) 316 | -9/Materials | Build established: Mutant 479 | -9/Materials | Entered Storage 681 | -9/Storage | Build established: Scavenger-Mutant 825 | -9/Storage | Met 01-MTF 964 | -9/Storage | Found 01-MTF's Shockpuncher 1034 | -9/Storage | Identified exit to Garrison 1034 | -9/Storage | Entered Garrison 1059 | -9/Garrison | Triggered checkpoint 1131 | -9/Garrison | Discovered new exit (range 44) 1131 | -9/Garrison | Discovered new exit (range 78) 1131 | -9/Garrison | Discovered new exit (range 73) 1159 | -9/Garrison | Garrison Relay disabled 1224 | -9/Garrison | Lost 3 parts (2n1w) 1254 | -9/Garrison | Garrison Relay disabled 1284 | -9/Garrison | Triggered checkpoint 1293 | -9/Garrison | Build established: Mutant 1489 | -9/Garrison | Triggered checkpoint 1696 | -9/Garrison | Triggered checkpoint 1764 | -9/Garrison | Triggered checkpoint 1766 | -9/Garrison | Garrison Relay disabled 1820 | -9/Garrison | Installed Relay Interface Framework 1986 | -9/Garrison | Triggered checkpoint 2025 | -9/Garrison | Expanded RIF knowledge: Patrol Navigation 2049 | -9/Garrison | Garrison Relay disabled 2117 | -9/Garrison | Build established: Bothacker-Mutant 2138 | -9/Garrison | Triggered checkpoint 2188 | -9/Garrison | Learned Materials security intel 2216 | -9/Garrison | Triggered checkpoint 2358 | -9/Garrison | Entered Materials 2358 | -8/Materials | Accompanied by 4 allies 2358 | -8/Materials | Evolved 2 slots: Utility x2 2556 | -8/Materials | Identified exit to Garrison 2556 | -8/Materials | Entered Garrison 2556 | -8/Garrison | Accompanied by 7 allies 2574 | -8/Garrison | Triggered checkpoint 2619 | -8/Garrison | Garrison Relay disabled 2654 | -8/Garrison | Expanded RIF knowledge: Signal Jamming 2658 | -8/Garrison | Heavy support dispatched to Factory 2823 | -8/Garrison | Triggered checkpoint 2836 | -8/Garrison | Triggered checkpoint 2886 | -8/Garrison | Expanded RIF knowledge: Program Shield 2924 | -8/Garrison | Triggered checkpoint 3068 | -8/Garrison | Triggered checkpoint 3076 | -8/Garrison | Discovered new exit (range 13) 3146 | -8/Garrison | Triggered checkpoint 3178 | -8/Garrison | Rescued a captive Derelict 3292 | -8/Garrison | Entered Factory 3292 | -7/Factory | Accompanied by 6 allies 3292 | -7/Factory | Evolved 2 slots: Utility x1, Weapon x1 3324 | -7/Factory | Identified exit to Lower Caves 3604 | -7/Factory | Fabricated Hvy. Pick (x2) 4046 | -7/Factory | Garrison activated, responded to threat 4056 | -7/Factory | Entered Lower Caves 4056 | -7/Lower Caves | Accompanied by 1 ally 4232 | -7/Lower Caves | Attracted the attention of an 0b10 base 4295 | -7/Lower Caves | Lost 3 parts (1p1n1w) 4310 | -7/Lower Caves | Learned location of 1 exit from Factory 4310 | -7/Lower Caves | Learned Extension trap positions 4310 | -7/Lower Caves | Learned Research terminal intel 5015 | -7/Lower Caves | Attracted the attention of an 0b10 checkpoint 5255 | -7/Lower Caves | Learned location of 1 exit from Factory 5255 | -7/Lower Caves | Learned Extension security intel 5255 | -7/Lower Caves | Learned Factory garrison access intel 5426 | -7/Lower Caves | Encountered a Warlord checkpoint 5863 | -7/Lower Caves | Discovered new exit (range 5) 6036 | -7/Lower Caves | Entered another Lower Caves area 6036 | -7/Lower Caves | Accompanied by 1 ally 6037 | -7/Lower Caves | Identified exit to Factory 6041 | -7/Lower Caves | Learned location of Zion (-6) 6476 | -7/Lower Caves | Attacked by a delusional Derelict stockpiling parts 6836 | -7/Lower Caves | Spotted B-75 Beast 6850 | -7/Lower Caves | Assimilated Beast 4a with formatsys_high 7273 | -7/Lower Caves | Build established: Scavenger-Mutant 7442 | -7/Lower Caves | Attacked by a delusional Derelict stockpiling Unaware 7597 | -7/Lower Caves | Discovered new exit (range 13) 7894 | -7/Lower Caves | Build established: Commander-Gunner 7997 | -7/Lower Caves | Entered Data Miner 7997 | -7/Data Miner | Accompanied by 6 allies 7997 | -7/Data Miner | Discovered new exit (range 6) 8028 | -7/Data Miner | Met Data Miner 8065 | -7/Data Miner | Learned location of Section 7 (-3) 8065 | -7/Data Miner | Acquired the access code to Warlord's prototype stash 8109 | -7/Data Miner | Received God Mode back door access code from Data Miner 8197 | -7/Data Miner | Destroyed Data Miner 8216 | -7/Data Miner | Data Conduit disabled 8218 | -7/Data Miner | Found Prototype Hackware 8220 | -7/Data Miner | Found Prototype Hackware 8223 | -7/Data Miner | Found Prototype Hackware 8224 | -7/Data Miner | Found Prototype Hackware 8234 | -7/Data Miner | Core integrity fell below 50% 8236 | -7/Data Miner | Core integrity fell below 20% 8241 | -7/Data Miner | Destroyed by Enhanced Grunt with Neutron Cannon Last Messages --------------- 08204_ XR-6X9(g) destroyed. 08205_ RV-GIJ(g) destroyed. 08205_ Beast 4a destroyed. 08208_ Activated siege mode. 08208_ Discarded Relay Coupler [Behemoth]. 08212_ Reaction Control System destroyed. 08215_ Imp. Heavy Treads destroyed. 08216_ Data Conduit disabled. 08216_ ZP-SFB(b) destroyed. 08218_ Acquired Prototype Hackware. 08223_ Chainsword destroyed. 08224_ Acquired Prototype Hackware. 08225_ Lgt. Ion Engine destroyed. 08226_ Gravmag System destroyed. 08227_ Mak. Armor Plating destroyed. 08230_ Cmb. Airjet destroyed. 08231_ Railgun destroyed. 08231_ Adv. Thermal Shield destroyed. 08238_ Acquired 1 matter. 08239_ System Shield destroyed. Map ----- +----------------------------------------------------+ | | | | | | | | | | | | | | | | | | | | | | | | | | | | | | | | | | | ?????????????????????????????????????????? | | ?????????????????????????????????????????? | | ?????????????????????????????????????????? | | ?????????????????????????????????????????? | | ?????????????????????????????####????????? | | #############????#########?### #????????? | | """"""""""""######%# # # ### #????????? | | """" """"""""=!# ; # ## < ##????????? | | """" !%[ @ ######???? | | "" g%=*= #???? | | "" gg[%* #???? | | "% /% g #???? | | "" = *% ##???? | | "" """ """"""""""""#####????? | | """"###############????????? | | "" """""###??????????????????????? | | """ " "#####????????????????????????? | | ####"## "#????????????????????????????? | | ???#"### "#????????????????????????????? | | ???#"### "#????????????????????????????? | | ???#"## "#????????????????????????????? | | ????"## "#????????????????????????????? | | ?????# ! "#????????????????????????????? | | ?????###!]!"#????????????????????????????? | | ???????# ]!"##???????????????????????????? | | ??????##!|!""#???????????????????????????? | | ???#?## !!""#???????????????????????????? | | ?"##"#"X ""#???????????????????????????? | | ?"""""" "####????????????????????????? | | ?#""""" X"""""????????????????????????? | | ?###"#"X "##"#????????????????????????? | | ???#?## X""""#????????????????????????? | | ??????## "##"#????????????????????????? | +----------------------------------------------------+ Best States ------------- Heat Dissipation 42 Energy Generation 23 Energy Capacity 340 Matter Stores 300 Matter Capacity 300 Sight Range 16 Terrain Scan Density 10 Armor Coverage 300 Resistance: TH 30 Evasion (%) 59 Targeting Accuracy 6 Melee Accuracy 8 Recoil Reduction 4 Offensive Hacking 20 Defensive Hacking 10 Relay Coupler Types 1 Relay Coupler Value 27 Authchip Count 1 Item Schematics ----------------- Hvy. Pick | -7/Factory | Hacked Combat Drone Bay | -7/Data Miner | Free Lgt. Regenerative Plating | -7/Data Miner | Free Cld. Aerolev Unit | -7/Data Miner | Free Gravity Neutralizer | -7/Data Miner | Free Imp. Heavy Machine Gun | -7/Data Miner | Free Hvy. Treads | -7/Data Miner | Free Imp. Component Analysis Suite | -7/Data Miner | Free Variable Charge Gun | -7/Data Miner | Free Fusion Compressor | -7/Data Miner | Free Imp. Launcher Guidance Computer | -7/Data Miner | Free Imp. System Guard | -7/Data Miner | Free HERF Cannon | -7/Data Miner | Free Robot Schematics ------------------ R-10 Processor | -7/Data Miner | Free H-55 Commando | -7/Data Miner | Free G-47 Trooper | -7/Data Miner | Free L-41 Fighter | -7/Data Miner | Free A-15 Conveyor | -7/Data Miner | Free Fabricated ------------ Hvy. Pick | x2 | -7/Factory Alien Tech Used ----------------- None Achievements -------------- None Challenges ------------ None Game ------ Seed CatalystMetafiberField Manual? 1 Play Time 01:50:18 Cumulative 313.2 hours Start 2022.08.11 @ 15:58:33 End 2022.08.12 @ 20:55:14 Sessions 3 Manual Loads 0 Difficulty Rogue Special Mode None Game No. 152 Rogue 148 Adventurer 0 Explorer 4 Win Type - Total 16 Types 4/0/2/4/1/2/3/0/0 Lore% 77 Gallery% 84 Achievement% 75 Wizard Run 0 Options --------- ASCII 0 Keyboard 0 Movement Mouse Keybinds 0 Fullscreen 1 Font 18/SmallcapsGlow Map View 76x50 Tactical HUD 1 Map Filters NONE Filters NONE Steam 1 RUN: 59a01b9f-7c6f-4ce2-99c6-1bb8678682a1